Map: Terraform LE (Void)

Players

RepMeaSt (Semper) - Winner!

  • Race: Terran Terran
  • League: Master

Dansible

  • Race: Terran Terran
  • League: Diamond

Event: Lycan League Weekly August #1

VOD

Have the link to the VOD?

Description

Time

  • Played on: Aug. 3, 2015, 12:58 p.m.
  • Length: 7:14

All games in this series

Show
View Real Time Build Order
Export as new Build Order

RepMeaSt Terran - Winner!

Build Orders: Reaper Expand 

Get SALT Encoding   

  12  0:01  SCV  
  13  0:13  SCV  
  14  0:17  Supply Depot  
  14  0:25  SCV  
  15  0:28  Refinery  
  15  0:39  SCV  
  16  0:45  Barracks  
  16  0:51  SCV  
  17  1:03  SCV  
  18  1:18  SCV  
  19  1:32  Orbital Command  
  19  1:33  Reaper  
  20  1:48  Command Center  
  20  1:58  SCV  
  21  2:03  Factory  
  21  2:05  Barracks Reactor  
  21  2:11  SCV  
  21  2:14  Supply Depot  
  22  2:23  SCV  
  23  2:36  SCV  
  24  2:41  Refinery  
  24  2:43  Marine x2  
  26  2:48  SCV  
  26  2:50  Starport  
  27  3:00  SCV  
  27  3:01  Orbital Command  
  27  3:04  Marine x2  
  30  3:12  SCV  
  31  3:18  Factory Tech Lab  
  30  3:20  Orbital Command  
  30  3:24  SCV  
  31  3:35  Viking x2  
  31  3:36  SCV  
  31  3:39  Supply Depot  
  36  3:48  SCV x2  
  37  3:49  Bunker  
  37  3:53  Siege Tank  
  41  4:00  SCV x2  
  42  4:12  SCV  
  42  4:13  SCV  
  42  4:15  Marine  
  40  4:25  SCV  
  39  4:32  Viking x2  
  39  4:33  SCV, Marine  
  39  4:37  Command Center, SCV  
  46  4:39  Engineering Bay  
  46  4:49  Supply Depot  
  46  4:52  Supply Depot  
  46  5:05  SCV  
  46  5:06  Missile Turret  
  46  5:09  Missile Turret  
  46  5:11  SCV, Medivac, Siege Tank, Marine  
  53  5:17  Supply Depot x2  
  53  5:18  SCV  
  53  5:20  Medivac  
  56  5:23  SCV  
  57  5:30  Barracks Tech Lab, Barracks  
  57  5:32  Barracks  
  57  5:33  SCV  
  58  5:36  Refinery  
  58  5:37  Refinery  
  58  5:40  SCV  
  59  5:45  SCV  
  59  5:49  Siege Tank  
  63  5:51  Marine  
  63  5:54  Orbital Command  
  64  5:58  SCV x2, Supply Depot  
  66  6:10  SCV x2, Barracks  
  68  6:11  Barracks  
  68  6:20  Barracks Reactor  
  68  6:21  SCV  
  68  6:22  SCV  
  68  6:23  SCV  
  71  6:33  SCV  
  71  6:36  Siege Tank, Marine x2  
  71  6:37  SCV  
  78  6:41  SCV  
  81  6:55  SCV  
Show
View Real Time Build Order
Export as new Build Order

Dansible Terran 

Build Orders: 1/1/1, Mech, Siege Tank Drop 

Get SALT Encoding   

  12  0:01  SCV  
  13  0:13  SCV  
  14  0:17  Supply Depot  
  14  0:25  SCV  
  15  0:28  Refinery  
  15  0:39  SCV  
  16  0:46  Barracks  
  16  0:51  SCV  
  17  1:03  SCV  
  18  1:15  SCV  
  19  1:32  Orbital Command  
  19  1:33  Factory, Marine  
  20  1:42  Refinery  
  20  1:50  Marine  
  21  1:59  SCV  
  22  2:02  Supply Depot  
  22  2:08  Marine  
  23  2:19  Factory Tech Lab, Starport  
  23  2:23  SCV  
  23  2:25  Supply Depot  
  23  2:26  Marine  
  25  2:35  SCV  
  26  2:39  Siege Tank  
  26  2:44  Marine  
  29  2:48  SCV  
  31  2:53  Supply Depot  
  31  2:55  Medivac  
  33  3:00  SCV  
  33  3:02  Marine  
  35  3:19  Siege Tank  
  38  3:20  Marine  
  38  3:25  SCV  
  38  3:26  Supply Depot  
  40  3:34  Medivac  
  40  3:37  SCV  
  40  3:38  Marine  
  44  3:48  Supply Depot  
  44  3:49  SCV  
  45  3:55  Marine  
  45  4:01  SCV, Siege Tank  
  50  4:13  SCV, Marine  
  44  4:27  Command Center  
  40  4:31  Marine  
  40  4:33  Siege Tank  
  44  4:41  SCV  
  45  4:49  Marine  
  45  4:50  Starport Tech Lab  
  46  4:59  SCV  
  48  5:10  Command Center  
  48  5:11  Cloaking Field  
  49  5:15  Banshee  
  49  5:18  SCV  
  49  5:26  Factory Reactor  
  49  5:30  SCV  
  50  5:36  Refinery  
  50  5:39  Refinery, Orbital Command  
  50  5:43  SCV  
  50  5:47  Factory  
  51  5:50  Factory  
  51  5:55  SCV  
  54  6:07  SCV, Hellion x2  
  54  6:08  SCV  
  58  6:12  Supply Depot  
  58  6:19  SCV  
  58  6:20  Barracks Tech Lab  
  58  6:21  SCV  
  58  6:22  Orbital Command  
  58  6:23  Barracks Tech Lab, Raven  
  62  6:31  SCV  
  59  6:33  SCV, Hellion x2  
  61  6:43  SCV  
  61  6:45  SCV  
  59  6:55  SCV  
  59  6:58  SCV x2  

Tags
 
Add a new tag
Caveats
  • Supply blocks, unpowered buildings, or Contaminate may cause inaccurate times.
  • Supply counts are checked every 10 seconds.